 Dungeon Sprint DCSS version 0.29-a0-468-ge57f7f99b4 (webtiles) character file.

Game seed: 6170426091753296981

1099 mhtbhm the Cleaver (level 8, 0/120 HPs)
             Began as a Hill Orc Fighter on May 21, 2022.
             Slain by Snorg (5 damage)
             ... in the Dungeon (Sprint III: "The Ten Rune Challenge").
             The game lasted 00:01:55 (1111 turns).

mhtbhm the Cleaver (Hill Orc Fighter)               Turns: 1111, Time: 00:01:56

Health: 0/120      AC: 16    Str: 21    XL:     8   Next: 32%
Magic:  8/8        EV:  7    Int:  8    God:
Gold:   34         SH:  5    Dex: 10    Spells: 7/7 levels left

rFire   . . .      SeeInvis .   a - +0 war axe
rCold   . . .      Faith    .   c - +0 buckler
rNeg    . . .      Spirit   .   b - +0 plate armour
rPois   .          Reflect  .   (no helmet)
rElec   .          Harm     .   (no cloak)
rCorr   .          Rampage  .   k - +0 pair of gloves
Will    .....      NoTele   +   (no boots)
Stlth   ..........              (no amulet)
HPRegen 0.30/turn               (no ring)
MPRegen 0.11/turn               (no ring)

@: berserking, hasted (expiring), very quick
A: no striking features
a: no special abilities


You were in the Dungeon.
You visited 1 branch You collected 34 gold pieces.

Inventory:

Hand Weapons
 a - a +0 war axe (weapon)
Armour
 b - a +0 plate armour (worn)
 c - a +0 buckler (worn)
 k - a +0 pair of gloves (worn)
Wands
 r - a wand of polymorph (2)
Scrolls
 e - a scroll of torment {unknown}
 f - 2 scrolls of identify
 j - a scroll of blinking
 l - a scroll of immolation {unknown}
 m - a scroll of amnesia {unknown}
Potions
 h - 2 potions of magic
 i - a potion of lignification {unknown}
 n - 2 potions of flight
 o - 5 potions of mutation
 p - a potion of heal wounds
Miscellaneous
 q - a tin of tremorstones (1/2)


   Skills:
 + Level 10.3 Fighting
 + Level 12.7 Axes
 + Level 10.5 Armour
 + Level 3.6 Dodging
 + Level 2.0 Stealth
 + Level 8.6 Shields


You had 7 spell levels left.
You didn't know any spells.
Your spell library contained the following spells:

 Spells                   Type           Power      Damage    Failure   Level
 Gell's Gravitas          Tloc           0%         N/A       100%        3
 Lesser Beckoning         Tloc           0%         N/A       100%        3
 Teleport Other           Tloc           0%         N/A       100%        3


Dungeon Overview and Level Annotations

Branches:
Dungeon (1/1)

Altars:
Cheibriados
Dithmenos
Elyvilon
Fedhas
Gozag
Hepliaklqana
Kikubaaqudgha
Makhleb
Nemelex Xobeh
Okawaru
Qazlal
Ru
Sif Muna
Trog
Uskayaw
Vehumet
Wu Jian
Xom
Yredelemnul
Zin
The Shining One
Beogh
Jiyva
Lugonu

Annotations:
D Snorg


Message History

You slash Snorg!
Snorg is moderately wounded.
Snorg bites you. Snorg claws you but does no damage. Snorg claws you!
You slash Snorg!
Snorg is heavily wounded.
You completely miss Snorg.
Snorg is heavily wounded.
You barely miss Snorg.
Snorg is heavily wounded.
Snorg bites you. Snorg claws you but does no damage. Snorg claws you.
You barely miss Snorg.
Snorg is heavily wounded.
You closely miss Snorg.
Snorg is heavily wounded.
Your extra speed is starting to run out.
You barely miss Snorg.
Snorg is heavily wounded.
Snorg bites you. Snorg claws you. Snorg claws you but does no damage.
You slash Snorg!
Snorg is severely wounded.
Snorg looks more energetic.
Okay, then.
You slash Snorg!
Snorg is severely wounded.
Snorg goes berserk!
You slash Snorg!
Snorg is almost dead.
Snorg bites you but does no damage. Snorg claws you but does no damage.
Snorg closely misses you.
A red film seems to cover your vision as you go berserk!
You feel yourself moving faster!
You feel mighty! Snorg bites you!
* * * LOW HITPOINT WARNING * * *
Snorg claws you but does no damage. Snorg claws you!
* * * LOW HITPOINT WARNING * * *
You slice Snorg!!
Snorg is almost dead.
Snorg bites you!
* * * LOW HITPOINT WARNING * * *
Snorg claws you.
You die...

▓▓▓▓▓▓▓▓▓ ▓▓▓
▓<..#...#### ##.#####
▓...#......#####..#___#
▓..##..T....#..#..#.).#
▓##.##@##...#..#..###'#
##.##.###).##'#..#....
▓#.####.##..###...'.⌠..
▓.###..##..####...#...#
▓#.....##..###....#.⌠.#
###..##...##.....#...#
##..##....#.T....#'###
#..###..##.#.....#)).#
#..# #.. ####....#___#


You could see Snorg (berserk).

Vanquished Creatures
  A deep elf pyromancer (D)
  A shadow (D)
  A necrophage (D)
  A water elemental (D)
  A jelly (D)
  Jessica (D)
  A wizard (D)
  A necromancer (D)
  3 humans (D)
  A kobold demonologist (D)
  A wolf (D)
  3 rats (D)
16 creatures vanquished.

Notes
Turn   | Place    | Note
-------+----------+-------------------------------------------
     0 | D        | mhtbhm the Hill Orc Fighter began the quest for the Orb.
     0 | D        | Reached XP level 1. HP: 19/19 MP: 1/1
    74 | D        | Noticed Jessica
    83 | D        | Killed Jessica
    84 | D        | Reached skill level 5 in Fighting
    84 | D        | Reached skill level 3 in Axes
    84 | D        | Reached XP level 2. HP: 29/29 MP: 2/2
    84 | D        | Reached XP level 3. HP: 36/36 MP: 3/3
   219 | D        | Reached skill level 4 in Axes
   219 | D        | Reached skill level 5 in Armour
   230 | D        | Reached skill level 5 in Shields
   230 | D        | Reached XP level 4. HP: 13/44 MP: 4/4
   446 | D        | Noticed a water elemental
   452 | D        | Killed a water elemental
   453 | D        | Reached skill level 6 in Axes
   453 | D        | Reached skill level 1 in Dodging
   453 | D        | Reached XP level 5. HP: 51/51 MP: 5/5
   458 | D        | Found a hide-covered altar of Uskayaw.
   458 | D        | Found a roughly hewn altar of Beogh.
   458 | D        | Found an iron altar of Okawaru.
   458 | D        | Found a bloodstained altar of Trog.
   458 | D        | Found an ornate altar of the Wu Jian Council.
   458 | D        | Noticed a human
   458 | D        | Noticed a human
   464 | D        | Killed a human
   465 | D        | Reached skill level 8 in Axes
   465 | D        | Reached skill level 1 in Stealth
   465 | D        | Reached XP level 6. HP: 34/61 MP: 6/6
   467 | D        | Killed a human
   468 | D        | Reached skill level 9 in Axes
   474 | D        | Found a glowing silver altar of Zin.
   474 | D        | Found a glowing golden altar of the Shining One.
   474 | D        | Found a white marble altar of Elyvilon.
   474 | D        | Noticed a deep elf pyromancer
   478 | D        | Noticed a fire elemental
   478 | D        | Noticed a fire elemental
   479 | D        | Killed a deep elf pyromancer
   480 | D        | Reached skill level 11 in Axes
   480 | D        | Reached skill level 10 in Armour
   480 | D        | Reached XP level 7. HP: 42/71 MP: 7/7
   485 | D        | Found a radiant altar of Vehumet.
   485 | D        | Found a shimmering blue altar of Sif Muna.
   485 | D        | Found an ancient bone altar of Kikubaaqudgha.
   490 | D        | Noticed an orange demon
   497 | D        | Reached skill level 10 in Fighting
   693 | D        | Found a basalt altar of Yredelemnul.
   693 | D        | Found a shadowy altar of Dithmenos.
   693 | D        | Found a sacrificial altar of Ru.
   702 | D        | Reached XP level 8. HP: 39/79 MP: 8/8
   712 | D        | Reached skill level 12 in Axes
   934 | D        | Noticed a shadow
   940 | D        | Killed a shadow
   946 | D        | Found a blossoming altar of Fedhas.
   946 | D        | Found a stormy altar of Qazlal.
   946 | D        | Found a snail-covered altar of Cheibriados.
   946 | D        | Found a burning altar of Makhleb.
   946 | D        | Found a shimmering altar of Xom.
   947 | D        | Found a hazy altar of Hepliaklqana.
   947 | D        | Found an opulent altar of Gozag.
   947 | D        | Found a sparkling altar of Nemelex Xobeh.
   947 | D        | Found a corrupted altar of Lugonu.
   947 | D        | Found a viscous altar of Jiyva.
  1056 | D        | Noticed Snorg
  1111 | D        | HP: 5/120 [Snorg (11)]
  1111 | D        | Slain by Snorg

Illustrated notes

Levels and vault maps discovered:
D:        dungeon_sprint_mu [sprint_mu_entry_cave, sprint_mu_temple_rooms,
          sprint_mu_d1_horrors, sprint_mu_d2_genie, sprint_mu_d3_branching,
          sprint_mu_orc_legion, sprint_mu_elf_gauntlet, sprint_mu_hive_nellie,
          sprint_mu_lair_fedhas, sprint_mu_vaults_butterflies,
          sprint_mu_slime_circle, sprint_mu_swamp_cave, sprint_mu_snake_twists,
          sprint_mu_blade_basic, sprint_mu_crypt_fortress,
          sprint_mu_tomb_spiral, sprint_mu_vestibule_basic,
          sprint_mu_gehenna_hellfire, sprint_mu_dis_giant,
          sprint_mu_tartarus_statrot, sprint_mu_cocytus_islands, sprint_mu_zot1]

Skill      XL: |  1  2  3  4  5  6  7  8 |
---------------+-------------------------+-----
Fighting       | 5 6 7 9 10 | 10.3
Axes           | 3 4 6 8 11 12 | 12.7
Armour         | 4 5 6 7 10 | 10.5
Shields        | 4 5 6 8 |  8.6
Dodging        | 1 2 3 |  3.6
Stealth        | 1 2 |  2.0

Action                   |  1- 3 |  4- 6 |  7- 9 || total
-------------------------+-------+-------+-------++-------
Melee: War axe           |    31 |    17 |    61 ||   109
Evoke: Tin of tremorston |       |       |     1 ||     1
  Use: Potion            |     3 |     2 |     2 ||     7
Armor: Scale mail        |    18 |     2 |     4 ||    24
       Plate armour      |       |       |    20 ||    20
Dodge: Dodged            |    13 |     3 |     8 ||    24
Block: Buckler           |     9 |     3 |     6 ||    18

Table legend: (Time is in decaauts)
 A = Elapsed time spent in this place.
 B = Non-inter-level travel time spent in this place.
 C = Inter-level travel time spent in this place.
 D = Time resting spent in this place.
 E = Time spent auto-exploring this place.
 F = Levels seen in this place.
 G = Mean time per level.
                   A        B        C        D        E       F      G
               +--------+--------+--------+--------+--------+-----+--------+
         Total |   1098 |   1098 |      0 |    685 |     52 |   1 | 1098.0 |
       Dungeon |   1098 |   1098 |      0 |    685 |     52 |   1 | 1098.0 |
               +--------+--------+--------+--------+--------+-----+--------+

Top non-repeatable levels by time:
       D: 1098 daAuts
